[Event "3rd VIZAG GM-Open 2022"]
[Site "Visakapatnam"]
[Date "2022.06.13"]
[Round "4.14"]
[White "Velpula Sarayu"]
[Black "Mitrabha, Guha"]
[Result "0-1"]
[ECO "C01"]
[WhiteElo "1845"]
[BlackElo "2500"]
[Annotator "TA"]
[PlyCount "114"]
[EventDate "2022.06.13"]
[EventType "swiss"]
[EventCountry "IND"]
[SourceTitle "playchess.com"]
[Source "ChessBase"]
[SourceQuality "1"]
[TimeControl "5400+30"]

1. e4 e6 2. d4 d5 3. Bd3 c5 4. exd5 exd5 5. Nf3 Nf6 6. O-O c4 7. Re1+ Be7 8. Bf1 O-O {[%emt 0:00:30] C01: French: Exchange Variation.} 9. b3 cxb3 10. axb3 Nc6 {[%emt 0:00:30] White has an edge.} 11. h3 Bf5 12. c3 Ne4 13. Bb2 {[%emt 0:00:30] [#]} Re8 $146 ({Predecessor:} 13... Rc8 14. Nbd2 h6 15. Nxe4 Bxe4 16. Bd3 f5 17. Ne5 Nxe5 18. dxe5 Bc5 19. c4 dxc4 20. Bxc4+ {1-0 (51) Levitsky,A (2329)-Golubenko,V (2209) Chess.com INT 2021}) 14. Na3 Qd6 (14... Bg6 $11) 15. c4 $14 Rad8 16. cxd5 Qxd5 17. Nb5 $1 Bb4 18. Re3 Qd7 {[%emt 0:00:30] Inhibits Nc7.} 19. Nxa7 Bd6 20. Re1 Nxa7 21. Rxa7 Bg6 22. Bd3 Bb8 23. Ra1 Qd6 (23... Bf4 $142) 24. Ba3 ({Better is} 24. Bb5 $1 $16) 24... Qf4 25. Qc1 Qf6 26. Qb1 Nc3 27. Qc2 $36 {[%emt 0:00:30][%mdl 2048] White is in control.} Nd5 28. Bxg6 hxg6 29. Re4 Nf4 30. Rae1 Ne6 31. Qc4 {[%emt 0:00:30] And now d5 would win.} Qf5 {[%emt 0:00:30] Prevents d5.} 32. Bc5 Bc7 33. Bb4 Rc8 34. Qe2 (34. d5 $16 Bf4 35. Qd3) 34... Red8 {[%emt 0:00:30] Prevents Nd4.} 35. Bd2 Qd5 36. Qd1 Bd6 37. Qb1 Rc6 38. Qb2 {[%emt 0:00:30][%cal Oe4e5] With the idea Re5!} Rdc8 39. Qb1 Rb6 40. R4e3 Rbc6 41. Qe4 Qxe4 42. Rxe4 {[%emt 0:00:30] Hoping for d5.} Nc7 43. Bf4 {[%emt 0:00:30][%cal Od4d5] Strongly threatening d5!} (43. Ne5 $5 Ra6 44. g3 $14) 43... f5 {[%emt 0:00:30] [#]} 44. Bxd6 fxe4 $17 45. Bxc7 exf3 $11 {[%emt 0:00:30][%mdl 4096] Endgame KRR-KRB} ({But not} 45... R6xc7 $6 46. Rxe4 Rc1+ 47. Kh2 $11) 46. Be5 (46. Bf4 $17 {only move.}) 46... fxg2 (46... Rc1 $19 47. Rxc1 Rxc1+ 48. Kh2 fxg2 49. Kxg2 Rb1) 47. Kxg2 $17 Kf7 48. Re3 {[%emt 0:00:30] [#]} ({White should play} 48. Re4) 48... Rc3 $1 49. Kf3 (49. b4 $17 {is a better defense.}) 49... Rc2 (49... Rxe3+ $19 {and Black stays clearly on top.} 50. fxe3 Rc6) 50. d5 Rd2 {[%emt 0:00:30] Inhibits Rd3.} 51. d6 Re8 52. Kg3 g5 53. Kg4 Kg6 ({And not} 53... Rxf2 54. Rd3 $17) 54. f4 ({Don't play} 54. Bc3 Rxe3 55. fxe3 Rxd6 $19) 54... gxf4 55. Kxf4 Kf7 56. Rg3 $2 (56. h4 $17 {is a better chance.}) 56... g6 $2 (56... Rf2+ $19 {has better winning chances.} 57. Ke3 Rf5 58. Rxg7+ Kf8) 57. Rc3 $2 (57. Rf3 $17 Ke6 58. Kg4) 57... g5+ {[%emt 0:00:30] Weighted Error Value: White=0.51/Black=0.28 (precise)} 0-1

[Event "3rd VIZAG GM-Open 2022"]
[Site "Visakapatnam"]
[Date "2022.06.13"]
[Round "4.15"]
[White "Adireddy Arjun"]
[Black "Azaladze, Shota"]
[Result "1/2-1/2"]
[ECO "B15"]
[WhiteElo "1898"]
[BlackElo "2420"]
[Annotator "TA"]
[PlyCount "70"]
[EventDate "2022.06.13"]
[EventType "swiss"]
[EventCountry "IND"]
[SourceTitle "playchess.com"]
[Source "ChessBase"]
[SourceQuality "1"]
[TimeControl "5400+30"]

1. e4 g6 2. d4 Bg7 3. Nc3 c6 4. f4 d5 5. e5 Nh6 6. Nf3 Bg4 7. h3 Bxf3 8. Qxf3 f6 9. g4 {[%emt 0:00:30] B15: Caro-Kann: 3 Nc3: 3...g6 and 3...dxe4 4 Nxe4 Nf6 5 Nxf6+ exf6.} fxe5 10. dxe5 O-O 11. Qg3 {[%emt 0:00:30] White is slightly better.} Qb6 12. Bd2 {[%emt 0:00:30] [#]} e6 $146 {[%emt 0:00:30] [#]} (12... g5 $16 {might work better.}) ({Predecessor:} 12... Qxb2 13. Rb1 Qa3 14. Rxb7 e6 15. Qe3 Qa5 16. Ne4 Qxa2 17. Ng5 Qa1+ 18. Kf2 {1-0 (18) Solino Nebot,L (1861)-Friend,R (1931) FICGS email 2011}) 13. h4 $1 $18 Qxb2 14. Rb1 {[%emt 0:00:30][%mdl 64] Skewer, Deflection} Qa3 15. Rxb7 (15. h5 $18) 15... Rf7 $16 16. Rb3 {[%emt 0:00:30] White is more active.} Qc5 (16... Qf8 $16) 17. h5 {[%emt 0:00:30] aiming for hxg6.} g5 (17... Nd7 18. hxg6 hxg6) 18. fxg5 $18 Nd7 19. gxh6 Bxe5 20. Qh4 Raf8 21. Be2 Qd6 22. Na4 Bf4 23. Bxf4 ({Weaker is} 23. Bb4 c5 24. Nxc5 (24. Bd2 Bxd2+ 25. Kxd2 Qf4+ 26. Kd1 Qxa4 $15) 24... Nxc5 $11) (23. Rf1 $142 Qe5 24. Bxf4 Rxf4 25. Rxf4 Qxf4 26. Nb2) 23... Qxf4 24. Nb2 {[%emt 0:00:30] Threatens to win with g5.} Nc5 {[%emt 0:00:30] [#]} 25. Nd3 $2 (25. g5 $1 $18 Qc1+ 26. Nd1) 25... Nxd3+ $11 26. Rxd3 {[%emt 0:00:30] Black must now prevent Kd1.} Qc1+ 27. Rd1 Qe3 28. Rd3 Qc1+ 29. Bd1 {[%emt 0:00:30] Strongly threatening Rd2.} Rf3 $1 {[%emt 0:00:30] ...Re3+ is the strong threat.} (29... Qf4 $2 30. g5 $18) 30. Rd2 {[%emt 0:00:30] Hoping for Qg5+.} Re3+ 31. Re2 Rd3 $1 {[%emt 0:00:30] The position is equal.} 32. cxd3 {[%emt 0:00:30] White wants to mate with Rd2.} Qc3+ 33. Rd2 {[%emt 0:00:30] Intending Qg5+ and mate.} Qe5+ 34. Re2 Qc3+ 35. Rd2 {[%emt 0:00:30] Threatening mate with Qg5+.} Qe5+ {[%emt 0:00:30] Black escapes into a draw.  Weighted Error Value: White=0.29 (precise) /Black=0.24 (precise)} 1/2-1/2

[Event "3rd VIZAG GM-Open 2022"]
[Site "Visakapatnam"]
[Date "2022.06.13"]
[Round "4.16"]
[White "Hossain, Enamul"]
[Black "Priyankara, Chamil"]
[Result "1/2-1/2"]
[ECO "C41"]
[WhiteElo "2413"]
[BlackElo "1938"]
[Annotator "TA"]
[PlyCount "80"]
[EventDate "2022.06.13"]
[EventType "swiss"]
[EventCountry "IND"]
[SourceTitle "playchess.com"]
[Source "ChessBase"]
[SourceQuality "1"]
[TimeControl "5400+30"]

1. e4 d6 2. d4 Nf6 3. Nc3 Nbd7 4. Nf3 e5 5. Bc4 Be7 6. O-O c6 7. Re1 {[%emt 0:00:20] C41: Philidor Defence.} b5 {[%emt 0:02:11] 7...h6 is a critical line.} 8. Bd3 {[%emt 0:08:20] [#]} b4 $146 ({Predecessor:} 8... O-O 9. a4 b4 10. Ne2 Re8 11. Ng3 Bf8 12. a5 exd4 13. Nxd4 c5 14. Ndf5 a6 {1-0 (76) Pavlovic,D (2363)-Strikovic,A (2520) Budva 2003}) 9. Ne2 {[%emt 0:00:39] White is more active. White is slightly better.} Qc7 10. Ng3 g6 {[%emt 0:01:01] Against Nf5} 11. c3 bxc3 12. bxc3 h5 13. h3 Qa5 14. Bd2 Ba6 15. Bc2 Bc4 16. Bb3 Qa6 17. Bg5 O-O 18. Nh4 Rfe8 19. Qf3 (19. dxe5 $16 dxe5 20. Bxf6 Bxf6 21. Nxg6 (21. Qxd7 Bxh4 22. Qc7 Qb5 $15) 21... fxg6 22. Qxd7) 19... Bxb3 $14 20. axb3 Qb6 21. Nhf5 Bf8 22. Bxf6 (22. Bh6 {is interesting.} h4 23. Bxf8 hxg3 24. Bh6) 22... Nxf6 23. Nxd6 Bxd6 24. Qxf6 Re6 25. Qg5 exd4 26. Nxh5 dxc3 ({But not} 26... Be7 27. Qg3 $16) 27. e5 Bc5 ({Don't play} 27... Be7 28. Qg3 $16) 28. Nf6+ Kg7 $1 29. Ng4 Rh8 {[%emt 0:00:44] Against Qh6+} 30. Qf4 a5 31. Red1 {[%emt 0:00:00] [#] Prevents Bd4. aiming for Rd7.} Qb4 32. Qf3 Rh5 $1 33. Rac1 $40 {[%emt 0:00:00][%mdl 128] White attacks.} Bd4 34. Rxd4 $1 {[%emt 0:00:00] Chess con chili.} Qxd4 35. Qxc3 (35. Rxc3 $11 Rf5 36. Qg3) 35... Qxc3 $17 36. Rxc3 $11 {[%emt 0:00:00] KRR-KRN} Rh8 37. Rc5 {[%emt 0:00:00] [#]} Rb8 ({Better is} 37... Ra8 $1 $17 38. Ne3 Rb8 39. Rxa5 Rxb3) 38. Rxa5 Rxb3 39. Ra8 {[%emt 0:00:00] Prevents Rb8.} Rc3 40. Rc8 (40. g3 $11) 40... c5 {[%emt 0:00:00] Weighted Error Value: White=0.15 (very precise) /Black=0.12 (very precise)} 1/2-1/2

[Event "3rd VIZAG GM-Open 2022"]
[Site "Visakapatnam"]
[Date "2022.06.13"]
[Round "4.17"]
[White "Laxman, R.R."]
[Black "Sri Sai Baswanth P"]
[Result "1-0"]
[ECO "A46"]
[WhiteElo "2420"]
[BlackElo "1896"]
[Annotator "TA"]
[PlyCount "89"]
[EventDate "2022.06.13"]
[EventType "swiss"]
[EventCountry "IND"]
[SourceTitle "playchess.com"]
[Source "ChessBase"]
[SourceQuality "1"]
[TimeControl "5400+30"]

1. d4 Nf6 2. Nf3 e6 3. Bg5 h6 4. Bxf6 Qxf6 5. e4 d6 6. Nc3 g6 7. Qd2 Bg7 8. O-O-O a6 9. e5 {[%emt 0:02:35] A46: 1 d4 Nf6 2 Nf3 e6: Torre, London and Colle Systems.} Qe7 10. Bd3 {[%emt 0:00:26] [#]} Nc6 $146 (10... Nd7 $5 ) ({Predecessor:} 10... Nd7 11. Rhe1 d5 12. Ne2 c5 13. Nf4 Rg8 14. c4 dxc4 15. Be4 cxd4 16. Qxd4 Qc5 17. Nxe6 Qxd4 18. Nxg7+ Rxg7 19. Rxd4 {1-0 (37) Popov,I (2485)-Zherebukh,Y (2371) Minsk 2006}) 11. exd6 {[%emt 0:09:40] The position is equal.} Qxd6 12. Ne4 Qd8 (12... Qd5 $11) 13. c3 $14 {[%emt 0:01:58] White is more active.} O-O 14. h4 f5 15. Ng3 e5 (15... Qd6 $14) 16. dxe5 $16 Be6 17. Ne2 (17. h5 $142 g5 18. Qc2) 17... Bd5 (17... Qe8 $142) 18. Qf4 (18. Qe3 $142 Qe8 19. Nf4 Bxa2 20. e6) 18... Qe7 (18... Qe8 $142) 19. Bc4 Bxc4 (19... Be6 $16) 20. Qxc4+ $18 Kh7 21. e6 Rad8 {[%emt 0:00:32] Prevents Rd7.} 22. Nf4 {[%emt 0:00:14] [#] Strongly threatening Rxd8.} Ne5 23. Qe2 Nxf3 24. Qxf3 Be5 25. Nd3 Bd6 26. Rde1 ({Don't play} 26. Qxb7 $6 Qxe6 27. h5 Qxa2 $16) 26... Rf6 27. h5 g5 (27... Rxe6 $16 {is a better defense.} 28. hxg6+ Kxg6 29. Qxb7 Kg7) 28. Qxb7 Rxe6 {[%emt 0:00:08] [#] ...Bf4+ is the strong threat.} 29. Qxa6 Bf4+ (29... Re4 {might work better.} 30. Qb5 Qe6) 30. Kb1 Rdd6 31. Qb5 Re2 32. Qxf5+ Kg7 33. Qg4 ({Less strong is} 33. Rxe2 Qxe2 34. Nc1 Qxf2 $18) 33... Re4 34. Qf3 Rxd3 (34... Rde6 $142 35. Rxe4 Rxe4) 35. Rxe4 Qd6 36. Rd4 Rxf3 37. Rxd6 Rxf2 {[%emt 0:00:22][%mdl 4096] Endgame KRR-KRB} 38. Rg6+ Kh7 39. Re1 {[%emt 0:00:16] Intending Re7+ and mate.} Rxg2 40. Re7+ Kh8 41. Rxh6+ Kg8 42. Ra6 Kf8 43. Rd7 Ke8 44. Rg7 Kf8 45. h6 {[%emt 0:00:02] Weighted Error Value: White=0.11 (very precise) /Black=0.60} 1-0

[Event "3rd VIZAG GM-Open 2022"]
[Site "Visakapatnam"]
[Date "2022.06.13"]
[Round "4.18"]
[White "Kranthi, Kiran P.Khammam"]
[Black "Nguyen, Duc Hoa"]
[Result "0-1"]
[ECO "B21"]
[WhiteElo "1809"]
[BlackElo "2398"]
[Annotator "TA"]
[PlyCount "84"]
[EventDate "2022.06.13"]
[EventType "swiss"]
[EventCountry "IND"]
[SourceTitle "playchess.com"]
[Source "ChessBase"]
[SourceQuality "1"]
[TimeControl "5400+30"]

1. e4 c5 2. f4 d5 3. e5 Nc6 4. Bb5 Qb6 5. Bxc6+ Qxc6 6. Nf3 {[%emt 0:00:24] B21: Sicilian: 2 f4 and Morra Gambit.} Nh6 7. d3 Nf5 8. O-O {[%emt 0:03:52] The position is equal.} (8. g4 $5 Nd4 9. Nxd4 cxd4 10. Nd2 $11) 8... h5 {[%emt 0:00:54] [#]} 9. c4 $146 ({Predecessor:} 9. Nc3 e6 10. a4 b6 11. Nb5 Bb7 12. Re1 Be7 13. b3 a6 14. Nc3 h4 15. h3 {0-1 (24) Brand Lyard,P (1900)-Wilson,N (2069) FICGS email 2021}) 9... dxc4 10. dxc4 e6 11. Nc3 b6 12. Qa4 Qxa4 13. Nxa4 Bb7 14. Nc3 Rd8 15. Rd1 Rxd1+ 16. Nxd1 Bxf3 17. gxf3 Be7 18. Ne3 Nd4 {[%emt 0:00:20] Black is more active.} 19. Kg2 Rh6 20. Nf1 (20. Bd2 $17 {was necessary.}) 20... Rg6+ $19 21. Kf2 Bh4+ 22. Ng3 Nf5 23. Bd2 Bxg3+ 24. hxg3 Rxg3 (24... Nxg3 $19 {has better winning chances. Hoping for ...Nf5.} 25. Rg1 Nf5 26. Rxg6 fxg6) 25. Rg1 $2 {[%emt 0:01:53][%mdl 8192] This costs White the game.} (25. Rh1 $17) 25... Rxg1 26. Kxg1 {[%emt 0:00:03][%mdl 4096] Endgame KB-KN} Kd7 27. Kf2 Kc6 28. Bc3 a6 29. Bd2 b5 {[%emt 0:00:57] Black is clearly winning.} 30. cxb5+ axb5 31. a3 Kd5 32. Ba5 Kc4 33. Bb6 Nd4 34. Kg3 Ne2+ 35. Kh4 Nxf4 {[%emt 0:00:05] [#] Strongly threatening ...Nd3.} 36. b3+ Kxb3 {[%emt 0:00:28] ( -> ...c4)} 37. Bxc5 g6 38. Kg5 Nd5 39. Kh4 Kc4 40. Bf2 Nf4 {[%emt 0:01:02] [#] ...Nd3 is the strong threat.} 41. Bg3 Ne2 42. Bf2 Kd5 {[%emt 0:00:08] Weighted Error Value: White=0.78/Black=0.15 (very precise)} 0-1

[Event "3rd VIZAG GM-Open 2022"]
[Site "Visakapatnam"]
[Date "2022.06.13"]
[Round "5.2"]
[White "Mirzoev, Azer"]
[Black "Konguvel, Ponnuswamy"]
[Result "1/2-1/2"]
[ECO "A49"]
[WhiteElo "2476"]
[BlackElo "2331"]
[Annotator "TA"]
[PlyCount "94"]
[EventDate "2022.06.13"]
[EventType "swiss"]
[EventCountry "IND"]
[SourceTitle "playchess.com"]
[Source "ChessBase"]
[SourceQuality "1"]
[TimeControl "5400+30"]

1. d4 Nf6 2. Nf3 g6 3. g3 Bg7 4. Bg2 O-O 5. O-O d6 6. Nbd2 c5 7. dxc5 $1 {[%emt 0:00:56] 7.dxc5 scores better than 7.c3.} dxc5 8. c3 {[%emt 0:00:06] [#] A49: 1 d4 Nf6 2 Nf3 g6 3 g3: Anti-King's Indian systems.} Be6 $146 (8... Nc6 $11) ({Predecessor:} 8... Nc6 9. e4 h6 10. Qe2 Be6 11. Nc4 Qc8 12. a4 Bh3 13. e5 Bxg2 14. Kxg2 Qe6 15. Re1 Nd5 16. Nfd2 Rfd8 17. f4 Nb6 18. a5 Nxc4 19. Nxc4 {1-0 (58) Piesik,P (2400)-Olszewski,M (2525) Tornelo INT 2020}) 9. Ng5 $14 Bd5 10. e4 {[%emt 0:02:30][%cal Be2e4,Be4e5][%mdl 32] White is slightly better.} Bc6 11. e5 Bxg2 12. Kxg2 Nd5 13. Ndf3 {[%emt 0:00:21] [#] aiming for e6.} Nc7 {[%emt 0:11:54] Inhibits e6.} 14. Qa4 h6 15. Rd1 Qe8 16. Qxe8 (16. Qh4 {feels hotter.} Qc6 17. Ne4 g5 18. Qg4) 16... Rxe8 17. Ne4 Ne6 18. Ne1 Bxe5 {[%emt 0:05:38] The position is equal.} 19. Bxh6 b6 20. Nf3 Bg7 21. Bxg7 Kxg7 22. Nfg5 Nf8 23. Rd5 Nc6 24. Rad1 Red8 25. f4 Rxd5 26. Rxd5 Rd8 27. Rxd8 Nxd8 $11 {[%emt 0:00:02][%mdl 4096] Endgame KNN-KNN} 28. Kf2 Nc6 29. Nf3 Nd7 30. Ke3 f5 31. Ned2 e5 32. fxe5 Ndxe5 33. Nxe5 Nxe5 {[%emt 0:00:02] KN-KN} 34. h4 Kh6 35. b3 Kh5 36. Nf3 Nxf3 37. Kxf3 {[%emt 0:00:04] KP-KP} g5 38. hxg5 Kxg5 39. a4 a6 40. b4 c4 41. a5 b5 42. Kf2 $1 Kg4 43. Kg2 f4 44. gxf4 Kxf4 45. Kf2 Ke4 46. Ke2 Kf4 {[%emt 0:00:09] [#] ( -> ...Ke4)} 47. Kf2 $1 Ke4 {[%emt 0:00:06] Weighted Error Value: White=0.04 (flawless) /Black=0.03 (flawless)} 1/2-1/2

[Event "3rd VIZAG GM-Open 2022"]
[Site "Visakapatnam"]
[Date "2022.06.13"]
[Round "5.3"]
[White "Abdyjapar, Asyl"]
[Black "Nikitenko, Mihail"]
[Result "1-0"]
[ECO "D46"]
[WhiteElo "2346"]
[BlackElo "2479"]
[Annotator "TA"]
[PlyCount "133"]
[EventDate "2022.06.13"]
[EventType "swiss"]
[EventCountry "IND"]
[SourceTitle "playchess.com"]
[Source "ChessBase"]
[SourceQuality "1"]
[TimeControl "5400+30"]

1. d4 d5 2. c4 c6 3. Nf3 Nf6 4. Nc3 e6 5. e3 Nbd7 6. Qc2 Bd6 7. Bd3 dxc4 8. Bxc4 a6 {[%emt 0:00:10] D46: Semi-Slav: 5 e3 Nbd7 6 Bd3, Black avoids the Meran.} 9. a3 O-O 10. b4 {[%emt 0:01:37] [#]} (10. e4 $5 e5 11. Be2 $11) 10... Qe7 $146 {[%emt 0:03:16] The position is equal.} ({Predecessor:} 10... e5 11. Bb2 exd4 12. Nxd4 Ne5 13. Be2 Ng6 {½-½ (13) Dettmann,U (1811)-Loeke,P (1723) Mecklenburg VP 2008}) 11. O-O b5 12. Bd3 a5 13. bxa5 Rxa5 14. a4 (14. Nd2 $11) 14... b4 $15 15. Ne2 c5 16. e4 {[%emt 0:04:39] Black must now prevent e5.} cxd4 17. Nexd4 {[%emt 0:00:04] Threatens to win with Nc6.} Bb7 18. Nb3 (18. Re1 $15) 18... Rh5 $1 $17 19. Bb2 Ng4 20. h3 Nge5 {[%emt 0:00:06] Strongly threatening ...Nxf3+.} 21. Nxe5 Nxe5 22. f4 Nxd3 23. Qxd3 f5 (23... Rd8 $15 24. Qe3 f5) 24. Rad1 $11 Bc7 {[%emt 0:01:21] [#]} (24... Rd8 $11 {and Black has nothing to worry.}) 25. Qb5 $1 $18 {[%emt 0:03:31] Rd7 is the strong threat.} Bc8 {[%emt 0:00:05] [#] Against Rd7} (25... Bxe4 $2 26. Rd7 Bb6+ 27. Kh2 $18) 26. e5 ({Better is} 26. Rc1 $1 $18) 26... g5 $16 27. Bd4 $36 {[%emt 0:02:30][%mdl 2048] White is on the roll. 0x0.0008610a8ebcdp-1022s more active pieces. The black rooks are badly placed.} Qf7 (27... gxf4 $2 28. Bc5 Qe8 29. Bxf8 (29. Qxb4 Rf7 $11) (29. Rxf4 Qxb5 30. axb5 Re8 $18) 29... Qxb5 30. axb5 $18) (27... Bd7 $16 {was necessary.} 28. Qb7 Bc8) 28. Bc5 $18 (28. Qxb4 gxf4 29. Rd2 (29. Rxf4 Qg7 $14) 29... Bd7 $16) 28... Re8 29. a5 (29. Qxb4 gxf4 30. Qxf4 Qg7 $11) 29... g4 (29... gxf4 $142 30. a6 (30. Qxb4 Qg6 $11) (30. Bxb4 Kh8 $15) (30. Rxf4 Bxe5 31. Rf2 f4 $16) 30... Bxa6 31. Qxa6 Bxe5 32. Bxb4 Rg5) 30. a6 Bb8 {[%emt 0:01:13] Prevents a7.} (30... gxh3 $142 31. a7 hxg2) 31. Qxb8 {[%emt 0:01:25] Hoping for a7.} gxh3 32. Rf2 {[%emt 0:00:59] aiming for a7.} Bxa6 33. Rd8 ({Less strong is} 33. Qxb4 Bb7 34. Na5 hxg2 35. Qxb7 (35. Rxg2+ $2 Bxg2 36. Kf2 Bd5 $19) 35... Rh1+ 36. Kxg2 Rxd1 37. Qxf7+ Kxf7 $11) 33... h2+ 34. Kh1 Rxd8 35. Qxd8+ Kg7 36. Qe7 $2 (36. Nd4 {[%cal Od4e6] Threatening mate with Nxe6+!} h6 37. Rf3) 36... Bb7 37. Qxf7+ Kxf7 38. Bxb4 Rh3 39. Nd2 Bd5 40. Nf3 Rg3 41. Kxh2 Rg4 42. Bd2 Rg8 43. Be1 Rg4 44. Nd2 Rg8 45. Nf1 Ra8 46. Ne3 Be4 47. Rd2 Ra7 48. Bh4 h6 49. Bf6 Ra3 (49... Rc7 $18 50. Kg3 Ra7) 50. Nc4 (50. Rd7+ $142 Kg6 51. Rg7+ Kh5 52. Nf1 Rd3 53. Ng3+ Rxg3 54. Rxg3 Bd5 55. Bg7) 50... Ra4 51. Ne3 Ra3 $1 52. Rd7+ Ke8 53. Re7+ Kf8 54. Nc4 Ra2 55. Rg7 Rf2 56. Nd6 Bd5 57. Rh7 Rxg2+ 58. Kh3 Rg1 59. Rh8+ Rg8 60. Rxh6 Rg1 61. Rh8+ Rg8 62. Rh7 {[%emt 0:00:50][%csl Gh7][%cal Rf6e7] White mates.} Rg1 63. Rc7 Rh1+ 64. Kg3 Kg8 65. Rg7+ Kf8 66. Rd7 Kg8 {[%emt 0:00:09] [#]} 67. Nxf5 $1 {[%emt 0:00:13] Weighted Error Value: White=0.61/Black=0.64} 1-0

[Event "3rd VIZAG GM-Open 2022"]
[Site "Visakapatnam"]
[Date "2022.06.13"]
[Round "5.4"]
[White "Nitin, S.."]
[Black "Nguyen, Van Huy"]
[Result "1/2-1/2"]
[ECO "B12"]
[WhiteElo "2399"]
[BlackElo "2405"]
[Annotator "TA"]
[PlyCount "41"]
[EventDate "2022.06.13"]
[EventType "swiss"]
[EventCountry "IND"]
[SourceTitle "playchess.com"]
[Source "ChessBase"]
[SourceQuality "1"]
[TimeControl "5400+30"]

1. e4 c6 2. d4 d5 3. e5 Bf5 4. c4 e6 5. Nc3 Ne7 6. h3 {[%emt 0:01:16] B12: Caro-Kann: Advance Variation.} dxc4 7. Bxc4 Nd7 (7... c5 {feels hotter.} 8. Bg5 a6 9. d5 exd5 10. Nxd5 Be6) 8. Nge2 {[%emt 0:03:28] The position is equal.} Nb6 9. Bb3 Ned5 10. O-O Be7 11. Ng3 Bg6 {[%emt 0:05:00] [#]} 12. Qe2 $146 ({Predecessor:} 12. Nce4 O-O 13. Qg4 Qc8 14. Nh5 f5 15. exf6 gxf6 16. Qe2 Qe8 17. Nhg3 Kh8 18. Bh6 {1-0 (56) Petrov,M (2534)-Schachinger,M (2360) Vienna 2011}) 12... O-O 13. Nce4 Nd7 14. Rd1 a5 15. a3 Qb6 16. Ba2 Qa6 {[%emt 0:02:00] [#] And now ...Qxe2 would win.} 17. Bc4 Qb6 (17... b5 $5 18. Ba2 Rfb8 $11) 18. Ba2 Qa6 {[%emt 0:00:01] Strongly threatening ...Qxe2.} 19. Bc4 Qb6 20. Ba2 Qa6 {[%emt 0:00:04] [#] White must now prevent ...Qxe2.} 21. Bc4 {[%emt 0:00:50] Not much happened in this game.  Weighted Error Value: White=0.10 (very precise) /Black=0.09 (flawless)} 1/2-1/2

[Event "3rd VIZAG GM-Open 2022"]
[Site "Visakapatnam"]
[Date "2022.06.13"]
[Round "5.5"]
[White "Aditya Varun Gampa"]
[Black "Audi Ameya"]
[Result "0-1"]
[ECO "C32"]
[WhiteElo "1836"]
[BlackElo "2389"]
[Annotator "TA"]
[PlyCount "70"]
[EventDate "2022.06.13"]
[EventType "swiss"]
[EventCountry "IND"]
[SourceTitle "playchess.com"]
[Source "ChessBase"]
[SourceQuality "1"]
[TimeControl "5400+30"]

1. e4 e5 2. Nc3 Nf6 3. Bc4 Bc5 4. f4 d5 5. exd5 e4 6. d4 exd3 $1 {[%emt 0:00:09] C32: Falkbeer Counter Gambit: 3 exd5 e4 4 d3 Nf6.} 7. Qxd3 O-O $1 8. Nge2 Re8 {[%emt 0:00:27][%mdl 1024] Black has compensation. Black is slightly better.} 9. Bd2 Ng4 $1 {[%emt 0:00:27][%cal Bf6g4,Bg4f2,Bf2e4][%mdl 32] Hoping for ...Nf2.} 10. O-O-O {[%emt 0:10:01] Black converts the advantage convincingly.} Nf2 11. Qg3 {[%emt 0:00:25][%cal Oc4d3] [#]} Nd7 $146 {[%emt 0:06:44] Black is more active.} ({Predecessor:} 11... Nxh1 12. Rxh1 Bd7 13. Rf1 a6 14. f5 Qf6 15. Bg5 Qxg5+ 16. Qxg5 Be3+ 17. Qxe3 Rxe3 {0-1 (47) Bath,T (1424)-Hewitt,S Gibraltar 2008}) 12. Na4 {[%emt 0:10:22] [#]} Ne4 $1 $19 (12... Nxh1 13. Rxh1 Nb6 14. Nxb6 axb6 15. Rd1) (12... Nxd1 13. Rxd1 Bd6 14. Bd3 $17) 13. Qd3 Nxd2 (13... Nf2 14. Qf3 Nxd1 15. Rxd1 $17) 14. Nxc5 {[%emt 0:01:51] Black must now prevent Ne6.} Nxc4 15. Nxd7 Ne3 (15... Bxd7 16. Qxc4 Bg4 17. Rd2 $11) 16. Ne5 Nxd1 17. Rxd1 f6 18. Nf3 {[%emt 0:01:53] [#]} ({Much weaker is} 18. d6 Qxd6 19. Qb3+ Qe6 20. Qxe6+ Bxe6 $19) 18... Qd6 $1 19. Rd2 Bg4 20. c4 Re7 21. Qd4 Bxf3 22. gxf3 c5 23. Qd3 (23. Qf2 {might work better.}) 23... Rae8 24. Ng3 Re3 25. Nf5 Qxf4 ({And not} 25... Rxd3 26. Nxd6 Rxd2 27. Kxd2 $17) ({Don't go for} 25... Re1+ $2 26. Kc2 Qxf4 27. d6 $19) 26. Nxe3 Rxe3 {[%emt 0:00:02][%mdl 4096] Endgame KQR-KQR} 27. Qf1 Rxf3 {[%emt 0:00:05] Black is clearly winning.} 28. Qe2 Re3 {[%emt 0:00:16] Inhibits Qe8+.} 29. Qd1 Qxc4+ 30. Rc2 Qe4 31. Rxc5 Re1 32. Rc8+ Kf7 33. Rc7+ Kg6 {[%emt 0:00:54] ( -> ...Qf4+)} 34. Qxe1 Qxe1+ 35. Kc2 Qe4+ {[%emt 0:00:19] Weighted Error Value: White=0.58/Black=0.00 (flawless)} 0-1